 Dungeon Crawl Stone Soup version 0.27.1-33-g824d729ab1 (webtiles) character file.

Game seed: 2741969259256438830

57 Destapler the Ruffian (level 3, -2/29 HPs)
             Began as a Draconian Transmuter on Nov 28, 2021.
             Slain by Crazy Yiuf (4 damage)
             ... on level 2 of the Dungeon.
             The game lasted 00:07:08 (1674 turns).

Destapler the Ruffian (Draconian Transmuter)        Turns: 1674, Time: 00:07:09

Health: -2/29      AC:  6    Str: 12    XL:     3   Next: 73%
Magic:  4/6        EV: 12    Int: 14    God:
Gold:   136        SH:  5    Dex: 11    Spells: 3/6 levels left

rFire    . . .     SeeInvis .   c - +0 whip
rCold    . . .     Faith    .   (no shield)
rNeg     . . .     Spirit   .   (armour unavailable)
rPois    .         Reflect  +   (helmet restricted)
rElec    .         Harm     .   (no cloak)
rCorr    .         Rampage  .   b - +0 pair of gloves
Will     .....                  (no boots)
Stlth    +.........             d - amulet of reflection
HPRegen  0.09/turn              (no ring)
MPRegen  0.10/turn              (no ring)

@: wereblooded
A: AC +5, unfitting armour, cold-blooded
a: no special abilities


You were on level 2 of the Dungeon.
You visited 1 branch of the dungeon, and saw 2 of its levels.

You collected 136 gold pieces.

Inventory:

Hand Weapons
 c - a +0 whip (weapon)
Missiles
 a - 28 poisoned darts
Armour
 b - a +0 pair of gloves (worn)
Jewellery
 d - an amulet of reflection (around neck)
Wands
 l - a wand of paralysis (5)
Scrolls
 e - a scroll of identify {unknown}
 g - a scroll of teleportation {unknown}
 j - 2 scrolls of amnesia {unknown}
 k - a scroll of summoning {unknown}
Potions
 f - 2 potions of heal wounds {unknown}
 h - 3 potions of attraction {unknown}
 i - a potion of curing {unknown}


   Skills:
 + Level 1.9 Fighting
 + Level 0.4 Maces & Flails
 + Level 2.2 Dodging
 + Level 3.3 Unarmed Combat
 + Level 2.4 Spellcasting
 + Level 2.5 Transmutations


You had 3 spell levels left.
You knew the following spells:

 Your Spells              Type           Power      Damage    Failure   Level
a - Beastly Appendage     Tmut           16%        N/A       9%          1
b - Wereblood             Tmut           8%         N/A       12%         2

Your spell library contained the following spells:

 Spells                   Type           Power      Damage    Failure   Level
 Freeze                   Ice            4%         1d3       22%         1
 Spider Form              Tmut/Pois      2%         N/A       38%         3
 Frozen Ramparts          Ice            2%         1d2       56%         3
 Ice Form                 Ice/Tmut       5%         N/A       80%         4
 Hailstorm                Conj/Ice       1%         3d3       92%         4


Dungeon Overview and Level Annotations

Branches:
Dungeon (2/15)

Altars:

Shops:
D:2 *!*

Annotations:
D:2 Crazy Yiuf


Innate Abilities, Weirdness & Mutations

Your plain brown scales are hard. (AC +5)
You cannot fit into any form of body armour.
You are cold-blooded and may be slowed by cold attacks.


Message History

You grow a pair of large bovine horns.
Your feet morph into talons.
Memorise Wereblood, consuming 2 spell levels and leaving 3?
You start memorising the spell.
You continue memorising. x2
You finish memorising.
Spell assigned to 'b'.
Your transformation is almost over.
Crazy Yiuf grits, "Fire!
East hog cloud."
Casting: Beastly Appendage (safe; 9% risk of failure)
Confirm with . or Enter, or press ? or * to list all spells.
Your blood is infused with primal strength.
You open the door.
Okay, then.
You closely miss Crazy Yiuf. Crazy Yiuf closely misses you.
You completely miss Crazy Yiuf.
You headbutt Crazy Yiuf, but do no damage.
You block Crazy Yiuf's attack.
You hit Crazy Yiuf but do no damage. Crazy Yiuf closely misses you.
You hit Crazy Yiuf.
Crazy Yiuf is lightly wounded.
You block Crazy Yiuf's attack. x2
You closely miss Crazy Yiuf. You headbutt Crazy Yiuf.
You tail-slap Crazy Yiuf, but do no damage.
Crazy Yiuf is lightly wounded.
Crazy Yiuf hits you with a +4 quarterstaff of chaos!
Crazy Yiuf freezes you.
You hit Crazy Yiuf but do no damage. You tail-slap Crazy Yiuf.
Crazy Yiuf is moderately wounded.
Crazy Yiuf closely misses you.
You closely miss Crazy Yiuf. You headbutt Crazy Yiuf!
Your punch misses Crazy Yiuf.
Crazy Yiuf is severely wounded.
Crazy Yiuf closely misses you.
You hit Crazy Yiuf. You claw Crazy Yiuf, but do no damage.
Your headbutt misses Crazy Yiuf.
Crazy Yiuf is almost dead.
Your horns disappear.
Your talons disappear.
Crazy Yiuf whimpers, "Sif Muna cloud snockshim!"
Crazy Yiuf hits you with a +4 quarterstaff of chaos!
* * * LOW HITPOINT WARNING * * *
Crazy Yiuf burns you.
You die...

.......<# #....# #..# ........# #
##..## #.## .......∩# .# #....#
#. ........##.# #...## ..
.....>.8...# ##.## .##
...∩.....#.# #.## . ##
.........^.# ##.# . #.
#####...<..# #.## #. # ##.....#
##@# #. # #.##..# #g# #. #
#....## ... #. ######..### #...#
#. ........# #..)# #. .##.....###
##### #. ..###.....##
###########.
#.###.#....###########...#.......
#..##.#)#........#...............


You could see Crazy Yiuf.

Vanquished Creatures
  4 dart slugs
  5 ball pythons
  3 endoplasms (D:1)
  4 giant cockroaches
  6 hobgoblins
  A quokka (D:2)
  5 bats
  5 frilled lizards
  5 goblins
  4 kobolds
  A rat (D:1)
43 creatures vanquished.

Notes
Turn   | Place    | Note
-------+----------+-------------------------------------------
     0 | D:1      | Destapler the Draconian Transmuter began the quest for the
                  | Orb.
     0 | D:1      | Reached XP level 1. HP: 16/16 MP: 3/3
   470 | D:1      | Reached XP level 2. HP: 19/23 MP: 3/5
   636 | D:1      | You fall into a shaft and drop 1 floor!
   749 | D:1      | Found a faded altar of an unknown god.
  1017 | D:1      | Reached XP level 3. HP: 29/29 MP: 6/6
  1507 | D:2      | Found Gooj's General Store.
  1619 | D:2      | Found Omugodud's Distillery.
  1620 | D:2      | Found Roczue's General Store.
  1657 | D:2      | Found a runed translucent door.
  1658 | D:2      | Noticed Crazy Yiuf
  1664 | D:2      | Learned a level 2 spell: Wereblood
  1674 | D:2      | Slain by Crazy Yiuf

Illustrated notes

Levels and vault maps discovered:
D:1:      dpeg_arrival_shrine, layout_loops_corners,
          hellmonk_ecumenical_altar_pennies_from_heaven
D:2:      layout_rooms, serial_shops, shop_statue, shop, shop,
          nicolae_square_shop, shop, uniq_crazy_yiuf_cottage

Skill      XL: |  1  2 |
---------------+-------+-----
Dodging        | 2 |  2.2
Fighting       | |  1.9
Maces & Flails | |  0.4
Unarmed Combat | |  3.3
Spellcasting   | |  2.4
Transmutations | |  2.5

Action                   || total
-------------------------++-------
Melee: Whip              ||   136
       Unarmed           ||     8
       Kick              ||    12
       Headbutt          ||    13
       Tailslap          ||    10
Throw: Dart              ||     4
 Cast: Beastly Appendage ||    17
       Wereblood         ||     1
Armor: Skin              ||    47
Dodge: Dodged            ||    89
Block: Other             ||    48
